 Dungeon Crawl Stone Soup version 0.31-a0-819-gf6de2f5ab6 (webtiles) character file.

Game seed: 1095128605189335667

130 Shayle the Unbeliever (level 5, -1/53 HPs)
             Began as an Ogre Hexslinger on Sept 24, 2023.
             Slain by Ijyb
             ... wielding a +0 dagger
              (3 damage)
             ... on level 2 of the Dungeon.
             The game lasted 00:03:04 (2164 turns).

Shayle the Unbeliever (Ogre Hexslinger)             Turns: 2164, Time: 00:03:05

Health: -1/53      AC:  3    Str: 12    XL:     5   Next: 14%
Magic:  8/8        EV: 10    Int: 16    God:
Gold:   45         SH:  0    Dex: 11    Spells: 9/9 levels left

rFire   . . .        a - +1 sling
rCold   . . .        (no shield)
rNeg    . . .        c - +0 robe
rPois   .            (helmet restricted)
rElec   .            h - scarf {repulsion}
rCorr   .            (gloves unavailable)
SInv    .            (boots unavailable)
Will    .....        (no amulet)
Stlth   +            (no ring)
HPRegen 0.28/turn    (no ring)
MPRegen 0.11/turn

%: repel missiles
@: no status effects
A: large, unfitting armour, tough skin 1, hooves 1, screaming 1
a: no special abilities


You were on level 2 of the Dungeon.
You visited 1 branch of the dungeon, and saw 4 of its levels.

You collected 45 gold pieces.

Inventory:

Hand Weapons
 a - a +1 sling (weapon)
Armour
 c - a +0 robe (worn)
 h - a scarf of repulsion (worn)
Jewellery
 g - an amulet of the acrobat
Wands
 k - a wand of flame (12)
Scrolls
 b - a scroll of poison
 d - a scroll of vulnerability {unknown}
 f - 2 scrolls of identify
 i - a scroll of amnesia {unknown}
 j - a scroll of revelation
 l - a scroll of fog {unknown}


   Skills:
 + Level 3.0 Fighting
 - Level 1.3 Ranged Weapons
 - Level 1.7 Dodging
 + Level 2.5 Spellcasting
 - Level 2.6 Hexes
 + Level 2.0 Fire Magic
 * Level 3.1 Invocations


You had 9 spell levels left.
You didn't know any spells.
Your spell library contained the following spells:

 Spells                   Type           Power      Damage    Failure   Level
 Jinxbite                 Hex            20%        N/A       10%         2
 Summon Small Mammal      Summ           8%         N/A       21%         1
 Sigil of Binding         Hex            10%        N/A       21%         3
 Inner Flame              Hex/Fire       9%         N/A       22%         3
 Summon Guardian Golem    Hex/Summ       6%         N/A       34%         3
 Call Canine Familiar     Summ           2%         N/A       52%         3
 Cause Fear               Hex            5%         N/A       54%         4
 Dimensional Bullseye     Hex/Tloc       3%         N/A       75%         4
 Manifold Assault         Tloc           2%         N/A       89%         4
 Vhi's Electric Charge    Tloc/Air       4%         N/A       89%         4
 Arcjolt                  Conj/Air       1%         1d11      99%         5
 Dispersal                Tloc           1%         N/A       100%        6
 Disjunction              Tloc           1%         N/A       100%        8
 Maxwell's Capacitive Co  Air            1%         ∞         100%        8


Dungeon Overview and Level Annotations

Branches:
Dungeon (4/15)
 Temple: D:4-7

Altars:
Hepliaklqana
Trog

Annotations:
D:2 Ijyb


Innate Abilities, Weirdness & Mutations

You are too large for most types of armour.
You have tough skin. (AC +1)
You have large cloven feet.
You occasionally shout uncontrollably at your foes.


Message History

The goblin hits you with a +0 club.
* * * LOW HITPOINT WARNING * * *
You shoot a sling bullet. The sling bullet closely misses Ijyb.
The goblin hits you but does no damage.
Ijyb screams, "Me very upset!"
Ijyb hits you with a +0 dagger.
* * * LOW HITPOINT WARNING * * *
The goblin barely misses you.
Unknown command.
It was a potion of mutation.
You feel extremely strange.
Your feet thicken and deform.
You feel the urge to shout. The goblin hits you but does no damage.
Ijyb closely misses you. The goblin hits you but does no damage.
Okay, then.
You shoot a sling bullet. The sling bullet barely misses Ijyb.
The goblin hits you but does no damage. Ijyb hits you with a +0 dagger.
* * * LOW HITPOINT WARNING * * *
The goblin hits you with a +0 club.
* * * LOW HITPOINT WARNING * * *
The goblin misses you.
Unknown command.
You shoot a sling bullet.
The sling bullet hits Ijyb but does no damage.
Ijyb is severely wounded.
Ijyb barely misses you. The goblin hits you but does no damage.
The goblin hits you with a +0 club.
* * * LOW HITPOINT WARNING * * *
Ijyb closely misses you. The goblin barely misses you.
The goblin attacks as it pursues you! The goblin hits you but does no damage.
You shoot a sling bullet. The sling bullet hits Ijyb.
Ijyb is almost dead.
The goblin hits you with a +0 club.
* * * LOW HITPOINT WARNING * * *
As you read the scroll labelled XYHIJE BOESCH, it crumbles to dust.
It is a scroll of identify.
j - a scroll of revelation The goblin hits you with a +0 club.
* * * LOW HITPOINT WARNING * * *
Ijyb hits you with a +0 dagger.
You die...

...#####..####...........##....†<
............###..........##.#....
.......[........>........##.##...
..........###.#..........##..####
.#......#.# #............##..)#
.......##.# ##...........##...#
........#.# ##.g.........##..##
###.#...... #..gg###.#.###....##
###.#..#...##.##@g##...##...#..#
....##.#......###♣.....♣.....).#
.##..#.##.#.####...............#
.# ...........................#
.....#.##......##......♣..∩.._.##
####.# #...##...................
..##.#...#####................
##......#........∩.....∩..∩..∩...
ggg.............<................


You could see Ijyb and 3 goblins.

Vanquished Creatures
  An orc priest (D:3)
  Jessica (D:3)
  2 adders
  A worm (D:3)
  3 orcs (D:3)
  A bat (D:2)
  5 endoplasms
  A giant cockroach (D:2)
  10 goblins
  7 hobgoblins
  A quokka (D:3)
  4 ball pythons
  3 frilled lizards (D:2)
  7 kobolds
  A rat (D:2)
48 creatures vanquished.

Notes
Turn   | Place    | Note
-------+----------+-------------------------------------------
     0 | D:1      | Shayle the Ogre Hexslinger began the quest for the Orb.
     0 | D:1      | Reached XP level 1. HP: 19/19 MP: 2/2
   259 | D:1      | Reached skill level 1 in Fire Magic
   889 | D:2      | Reached skill level 1 in Invocations
   889 | D:2      | Reached XP level 2. HP: 25/28 MP: 4/4
   930 | D:2      | Found a faded altar of an unknown god.
   958 | D:2      | Found a bloodstained altar of Trog.
   971 | D:2      | Reached XP level 3. HP: 35/35 MP: 5/5
  1130 | D:2      | Noticed Ijyb
  1439 | D:3      | Reached XP level 4. HP: 25/44 MP: 7/7
  1623 | D:3      | Noticed Jessica
  1642 | D:3      | Killed Jessica
  1722 | D:4      | Reached XP level 5. HP: 40/52 MP: 8/8
  2052 | D:4      | Found a hazy altar of Hepliaklqana.
  2159 | D:2      | Gained mutation: You have large cloven feet. [potion of
                  | mutation]
  2159 | D:2      | Gained mutation: You occasionally shout uncontrollably at
                  | your foes. [potion of mutation]
  2164 | D:2      | HP: 2/53 [goblin/+0 club (3)]
  2164 | D:2      | Slain by Ijyb

Illustrated notes

Levels and vault maps discovered:
D:1:      ncdulo_wetmaze, layout_basic
D:2:      kennysheep_the_goblin_king, layout_rooms, basic_altar,
          hellmonk_ecumenical_altar_arch_garden, grunt_ministairs_9,
          amcnicky_mini_rare_corridor_liquid
D:3:      layout_basic, nicolae_figureground_pulse, uniq_jessica, uniq_terence
D:4:      cheibrodos_thug_alley, layout_loops_ring,
          nicolae_kikubaaqudgha_miasma_corner, mainiacjoe_overflow_24_doors,
          kennysheep_mini_moat, nrook_mini_vaults

Skill      XL: |  1  2  3  4  5 |
---------------+----------------+-----
Fire Magic     | 1 2 |  2.0
Invocations    | 1 2 3 |  3.1
Fighting       | 2 3 |  3.0
Spellcasting   | 2 |  2.5
Ranged Weapons | |  1.3
Dodging        | |  1.7
Hexes          | |  2.6

Action                     |  1- 3 |  4- 6 || total
---------------------------+-------+-------++-------
   Fire: Sling             |    93 |    76 ||   169
  Evoke: Wand              |     1 |       ||     1
    Use: Potion            |     5 |     2 ||     7
         Scroll            |       |     1 ||     1
 Armour: Robe              |    15 |    68 ||    83
         Skin              |    11 |     5 ||    16
  Dodge: Dodged            |     7 |    31 ||    38
         Repelled          |       |     2 ||     2

Table legend: (Time is in decaauts)
 A = Elapsed time spent in this place.
 B = Non-inter-level travel time spent in this place.
 C = Inter-level travel time spent in this place.
 D = Time resting spent in this place.
 E = Time spent auto-exploring this place.
 F = Levels seen in this place.
 G = Mean time per level.
                   A        B        C        D        E       F      G
               +--------+--------+--------+--------+--------+-----+--------+
         Total |   2199 |   2166 |     33 |    340 |   1409 |   4 |  549.8 |
       Dungeon |   2199 |   2166 |     33 |    340 |   1409 |   4 |  549.8 |
               +--------+--------+--------+--------+--------+-----+--------+

Top non-repeatable levels by time:
     D:1: 885 daAuts
     D:3: 519 daAuts
     D:4: 462 daAuts
     D:2: 331 daAuts
